Unix NetHack Version 5.0.0-0 post-release - last build Jun 10 2026 00:39:30 (3ee93aec679c4c4259841fe613dc97188e26a321,branch:main).

Game began 2026-06-13 22:00:02, ended 2026-06-14 03:41:36.

80percenthuman, chaotic female human Wizard

                                                           -------------
                                                          #............|
           ---------------      --------     ---------    0|...........|
           |.............|      |......|     |.......| ####............|
           |.............|    ##........#    |.......| #  #|...........|
           |..............#   # |...^..|#   #........|0#  #|...........|
           |.............|#     |....<.|#   #|.......| #   |...........|
           |.............|#     --|-----#   #|.......|### #--------|----
           ----------.----##      #     #   #---------# ######     ###
                     #     #    ###     #   ###    #####    ###      #
             #########     #    #       #     ##  ##   #    ###      #
        ######             #    #       #      # ##          ##      ###
    ---.---------          ###--.----   #      # #           ##        #
    |...........|            #.......#####    # ##0----------#######---|------
    |...........|             |.....|   # -----#  #|........|#     #|........|
    |..{........|             |.....|   # |.>.|#  #|.....{..|#     #|......%.|
    -------------             -------   ##....|#  #|.........#     #-..{..>%.|
                                          |....#  :----------       ----------
                                          -----   #@e

80percenthuman the Conjurer  St:9 Dx:15 Co:14 In:18 Wi:9 Ch:11  Chaotic
Dlvl:3  $:46 HP:0(31) Pw:20(28) AC:9  Xp:3 T:1001 

Latest messages:
 The spell hits the brown mold!
 You kill the brown mold!
 You see here a kitten corpse.
 C - a tin wand.
 Pick a monster, object or location.
 You see here a food ration.
 D - a food ration.
 The door opens.
 You hear bubbling water.
 You see here a food ration.
 D - a food ration (2 in total).
 Pick a monster, object or location.
 In what direction?
 The spell hits the jackal!
 You kill the jackal!
 The spell misses the jackal.
 In what direction?
 The spell hits the jackal!
 You kill the jackal!
 You see here 9 silver arrows.
 E - 9 silver arrows.
 You are beginning to feel hungry.
 What do you want to eat? [suD or ?*]
 This food really hits the spot!
 You finish eating the food ration.
 You miss the floating eye.
 You hit the floating eye!
 You are frozen by the floating eye's gaze!
 The gecko bites!
 The gecko bites!
 The gecko bites!
 The gecko bites!
 The gecko bites!
 The gecko bites!
 The gecko bites!
 The gecko bites!
 The gecko bites!
 The gecko bites!
 The gecko bites!
 The gecko bites!
 The gecko bites!
 The gecko bites!
 The gecko bites!
 The gecko bites!
 You die...
 Do you want your possessions identified? [ynq] (y)
 Do you want to see your attributes? [ynq] (y)
 Do you want an account of creatures vanquished? [ynaq] (y)
 Do you want to see your conduct and achievements? [ynq] (y)
 Do you want to see the dungeon overview? [ynq] (y)

Inventory:
 Coins    ('$')
  $ - 46 gold pieces
 Weapons  (')')
  E - 9 +0 silver arrows
  z - a +0 dagger
  a - a blessed +1 quarterstaff (weapon in hands)
 Armor    ('[')
  w - a cursed -3 orcish helm
  b - an uncursed +0 cloak of magic resistance (being worn)
  t - an uncursed +1 robe
 Comestibles  ('%')
  s - 2 uncursed cream pies
  D - an uncursed food ration
  u - 2 uncursed oranges
 Scrolls  ('?')
  A - an uncursed scroll of food detection
  i - 2 uncursed scrolls of gold detection
  j - an uncursed scroll of identify
  k - an uncursed scroll of magic mapping
  B - an uncursed scroll of teleportation
 Spellbooks  ('+')
  m - an uncursed spellbook of create monster
  l - a blessed spellbook of force bolt
 Potions  ('!')
  x - an uncursed potion of gain energy
  g - 2 uncursed potions of healing
  h - an uncursed potion of invisibility
  q - 2 uncursed potions of monster detection
  f - a blessed potion of paralysis
  y - an uncursed potion of paralysis
 Rings    ('=')
  d - an uncursed ring of conflict
  e - an uncursed ring of regeneration
 Wands    ('/')
  p - a wand of sleep (0:7)
  C - a wand of speed monster (0:5)
  c - a wand of undead turning (0:4)
 Tools    ('(')
  o - an uncursed blindfold
  n - a magic marker (0:22)
 Gems/Stones  ('*')
  v - an uncursed worthless piece of black glass

80percenthuman the Wizard's attributes:

Background:
 You were a Conjurer, a level 3 female human Wizard.
 You were chaotic, nominally on a mission for Anhur
 who was opposed by Ptah (lawful) and Thoth (neutral).
 You were right-handed.
 You were in the Dungeons of Doom, on level 3.
 You entered the dungeon 1001 turns ago.
 It was nighttime.
 There was a new moon in effect when your adventure ended.
 You had 68 experience points, 12 more were needed to attain level 4.

Basics:
 You had 0 out of 31 hit points.
 You had 20 out of 28 energy points (spell power).
 Your armor class was 9.
 Your wallet contained 46 zorkmids.
 Autopickup was off.

Final Characteristics:
 Your strength was 9 (limit:18/100).
 Your dexterity was 15 (limit:18).
 Your constitution was 14 (limit:18).
 Your intelligence was 18 (limit:18).
 Your wisdom was 9 (limit:18).
 Your charisma was 11 (limit:18).

Final Status:
 You weren't hungry.
 You were unencumbered.
 You were wielding a quarterstaff.
 You had basic skill with quarterstaff.

Final Attributes:
 You were devoutly aligned.
 You were magic-protected.
 You were warded.
 You were unlucky.
 You are dead.

Miscellaneous:
 You didn't encounter any bones levels.
 Total elapsed playing time was 9 minutes and 7 seconds.

Major events:
 Turn
    1: 80percenthuman the chaotic female human Wizard entered the dungeon
  705: attained the rank of Conjurer (level 3)
 1001: killed by a gecko, while frozen by a floating eye's gaze

Spells:
 Name                 Level Category     Fail Retention
 force bolt             1   attack         0%  91%-100%
 create monster         2   clerical      43%  76%-100%

Skills:
 Fighting Skills
   bare handed combat [Unskilled]
   riding             [Unskilled]
 Weapon Skills
   dagger             [Unskilled]
   knife              [Unskilled]
   axe                [Unskilled]
   short sword        [Unskilled]
   club               [Unskilled]
   mace               [Unskilled]
   quarterstaff       [Basic]
   polearms           [Unskilled]
   spear              [Unskilled]
   trident            [Unskilled]
   sling              [Unskilled]
   dart               [Unskilled]
   shuriken           [Unskilled]
 Spellcasting Skills
   attack spells      [Basic]
   healing spells     [Unskilled]
   divination spells  [Unskilled]
   enchantment spells [Basic]
   clerical spells    [Unskilled]
   escape spells      [Unskilled]
   matter spells      [Unskilled]

Voluntary challenges:
 Character rerolling was not enabled.
 You followed a strict vegan diet.
 You were an atheist.
 You were illiterate.
 You never genocided any monsters.
 You never polymorphed an object.
 You never changed form.
 You used no wishes.
Achievement:
 You attained the rank of Conjurer.

 The Dungeons of Doom: levels 1 to 3
    Level 1:
       Some fountains, a sink.
    Level 2:
       A fountain.
    Level 3: <- You were here.
       Many fountains.
       Final resting place for
          you, killed by a gecko, while frozen by a floating eye's gaze.


Vanquished creatures:
  a shrieker
  a kitten
  a giant bat
 an acid blob
  a hobbit
  a brown mold
  a gecko
  4 jackals
  a kobold
  a goblin
  2 lichens
  4 newts
19 creatures vanquished.

No species were genocided or became extinct.

Game over:
                       ----------
                      /          \
                     /    REST    \
                    /      IN      \
                   /     PEACE      \
                  /                  \
                  |  80percenthuman  |
                  |      46 Au       |
                  |   killed by a    |
                  |      gecko       |
                  |                  |
                  |                  |
                  |       2026       |
                 *|     *  *  *      | *
        _________)/\\_//(\/(/\)/\//\/|_)_______

Goodbye 80percenthuman the Wizard...

You died in The Dungeons of Doom on dungeon level 3 with 414 points,
and 46 pieces of gold, after 1001 moves.
You were level 3 with a maximum of 31 hit points when you died.

